[Event "FIDE WSTC Open 50 2025"]
[Site "Prague"]
[Date "2025.02.23"]
[Round "6.13"]
[White "Andersson, Ulf"]
[Black "Aagaard, Jacob"]
[Result "1/2-1/2"]
[Annotator "TA"]
[ECO "D11"]
[WhiteElo "2518"]
[BlackElo "2435"]
[PlyCount "59"]
[EventDate "2025.02.17"]
[EventType "team-tourn"]
[EventCountry "CZE"]
[SourceTitle "playchess.com"]
[Source "ChessBase"]
[SourceQuality "1"]
[TimeControl "40/5400+30:1800+30"]

1. d4 d5 2. c4 c6 3. Nf3 e6 4. Qc2 dxc4 5. Qxc4 Nf6 6. g3 b5 7. Qd3 Bb7 8. Bg2 Nbd7 {[%emt 0:00:47] D30: Queen's Gambit Declined: Systems without Nc3.} 9. Nbd2 Qb6 10. a4 a6 11. O-O c5 $146 (11... Be7 12. a5 Qa7 13. Nb3 c5 14. Nxc5 Nxc5 15. dxc5 Bxc5 16. Ne5 Bxg2 17. Kxg2 O-O {½-½ Juhasz,K (2150)-Bokros,A (2452) Zalakaros op 27th 2008 (1)}) 12. axb5 axb5 13. Rxa8+ Bxa8 14. dxc5 Nxc5 15. Qd4 Be7 {[%emt 0:01:46] The position is equal.} 16. b4 Na4 17. Qxb6 Nxb6 18. Nd4 Bxg2 19. Kxg2 Bxb4 20. Nxb5 O-O 21. Nf3 Nbd5 22. Bd2 Bxd2 23. Nxd2 Rc8 24. Ra1 h6 25. Nd6 Rd8 26. N2c4 Ne8 27. Nxe8 Rxe8 28. Ra7 Re7 29. Rxe7 Nxe7 30. Kf3 {[%emt 0:00:03] A rather calm draw.   Weighted Error Value: White=0.02 (flawless) /Black=0.04 (flawless)   Inaccurate:     	White=1     	Black=1      OK:         	White=13    	Black=6} 1/2-1/2

[Event "FIDE WSTC Open 50 2025"]
[Site "Prague"]
[Date "2025.02.23"]
[Round "6.14"]
[White "Jaksland, Tim"]
[Black "Svenn, Gosta"]
[Result "1/2-1/2"]
[Annotator "ChessBase"]
[ECO "B22"]
[WhiteElo "2143"]
[BlackElo "2290"]
[PlyCount "37"]
[EventDate "2025.02.17"]
[EventType "team-tourn"]
[EventCountry "CZE"]
[SourceTitle "playchess.com"]
[Source "ChessBase"]
[SourceQuality "1"]
[TimeControl "40/5400+30:1800+30"]

1. e4 c5 2. c3 e6 3. d4 d5 4. exd5 exd5 5. Bb5+ Nc6 6. Nf3 Bd6 7. dxc5 Bxc5 8. O-O Nge7 9. Nbd2 O-O 10. Nb3 Bb6 11. Re1 Bg4 12. Be3 Bc7 13. Be2 Qd6 14. Bc5 Qf6 15. h3 Bf5 16. Nbd4 Bd7 17. Nxc6 bxc6 18. Qd4 Qxd4 19. Nxd4 1/2-1/2

[Event "FIDE WSTC Open 50 2025"]
[Site "Prague"]
[Date "2025.02.23"]
[Round "6.15"]
[White "Jaderberg, Bjorn"]
[Black "Nordenbaek, Jan"]
[Result "1/2-1/2"]
[Annotator "RC"]
[ECO "A22"]
[WhiteElo "2134"]
[BlackElo "2192"]
[PlyCount "126"]
[EventDate "2025.02.17"]
[EventType "team-tourn"]
[EventCountry "CZE"]
[SourceTitle "playchess.com"]
[Source "ChessBase"]
[SourceQuality "1"]
[TimeControl "40/5400+30:1800+30"]

1. c4 e5 2. Nc3 Nf6 3. g3 c6 4. Nf3 e4 5. Nd4 d5 6. d3 exd3 7. cxd5 Nxd5 8. Qxd3 Be7 9. Nc2 Nxc3 10. bxc3 O-O 11. Ba3 Bxa3 12. Qxd8 Rxd8 13. Nxa3 Na6 14. Bg2 Be6 15. Be4 Nc5 16. Bc2 g6 17. Nb1 a5 18. Nd2 a4 19. a3 Re8 20. f3 Bb3 21. Rc1 Rad8 22. Ne4 Nxe4 23. Bxe4 f5 24. Bb1 Re5 25. Kf2 Rd2 26. Rhe1 Kf8 27. Bd3 Ke7 28. f4 Rc5 29. Ke3 Rb2 30. Rb1 Ra2 31. Ra1 b5 32. Rxa2 Bxa2 33. Kd2 Rd5 34. Ke3 Kd6 35. h3 Rc5 36. Kd4 Be6 37. Rg1 h5 38. h4 Bd5 39. Rd1 Bb3 40. Re1 Rd5+ 41. Ke3 Kc5 42. Rb1 Rd8 43. Rc1 Bf7 44. Rb1 Bb3 45. Rc1 Re8+ 46. Kd2 Rd8 47. Ke3 Rb8 48. Re1 Re8+ 49. Kd2 Bd5 50. Rb1 Bb3 51. Re1 Rd8 52. Ke3 Kb6 53. Kd2 c5 54. Kc1 Bf7 55. Kb2 Bb3 56. Bb1 Bc4 57. e4 fxe4 58. Rxe4 Rd2+ 59. Kc1 Rg2 60. Re3 Rg1+ 61. Kb2 Rg2+ 62. Kc1 Rg1+ 63. Kb2 Rg2+ 1/2-1/2

[Event "FIDE WSTC Open 50 2025"]
[Site "Prague"]
[Date "2025.02.23"]
[Round "6.16"]
[White "Nielsen, Niels-Peter"]
[Black "Wengholm, Anders"]
[Result "1/2-1/2"]
[Annotator "RC"]
[ECO "B48"]
[WhiteElo "2086"]
[BlackElo "2132"]
[PlyCount "60"]
[EventDate "2025.02.17"]
[EventType "team-tourn"]
[EventCountry "CZE"]
[SourceTitle "playchess.com"]
[Source "ChessBase"]
[SourceQuality "1"]
[TimeControl "40/5400+30:1800+30"]

1. e4 c5 2. Nf3 e6 3. Nc3 Nc6 4. d4 cxd4 5. Nxd4 Qc7 6. Be3 a6 7. Bd3 b5 8. Nxc6 Qxc6 9. a3 Bb7 10. Qe2 Nf6 11. O-O Be7 12. f3 Qc7 13. Rad1 O-O 14. Kh1 d5 15. exd5 Nxd5 16. Nxd5 Bxd5 17. Qf2 Bf6 18. Bd4 Bxd4 19. Qxd4 h6 20. Rfe1 Rac8 21. a4 Rfd8 22. Qb4 a5 23. Qh4 b4 24. b3 Qc3 25. Be4 Qf6 26. Qxf6 gxf6 27. Bxd5 exd5 28. Re2 Kf8 29. Kg1 Rc5 30. Kf2 Rdc8 1/2-1/2

[Event "FIDE WSTC Open 50 2025"]
[Site "Prague"]
[Date "2025.02.23"]
[Round "6.17"]
[White "Bryson, Douglas M"]
[Black "Van der Werf, Mark"]
[Result "1-0"]
[Annotator "TA"]
[ECO "C24"]
[WhiteElo "2295"]
[BlackElo "2416"]
[PlyCount "93"]
[EventDate "2025.02.17"]
[EventType "team-tourn"]
[EventCountry "CZE"]
[SourceTitle "playchess.com"]
[Source "ChessBase"]
[SourceQuality "1"]
[TimeControl "40/5400+30:1800+30"]

1. e4 e5 2. Bc4 Nf6 3. d3 Bc5 4. Nc3 O-O 5. f4 {[%emt 0:01:45] [#]} d5 $1 6. Nxd5 {[%emt 0:01:07] C27: Vienna Game: 2...Nf6 3 Bc4 Nxe4.} Be6 7. Nxf6+ (7. fxe5 Nxe4 8. Qf3 Nf2 $17 (8... Bxd5 9. Bxd5 Qxd5 10. Qxe4 $11)) 7... Qxf6 8. Bxe6 {[%emt 0:00:48] The position is equal.} fxe6 9. Nf3 exf4 10. d4 Bb6 11. a4 Nc6 $146 ({Predecessor:} 11... c5 12. d5 c4 13. a5 Bc5 14. Ra4 Nd7 15. Rxc4 Rac8 16. Qd3 b5 17. axb6 Nxb6 {1-0 Alinasab,M (2340)-Petrov,N (2562) Ponte de Lima op 2024 (2)}) 12. c3 a5 13. Qd3 ({White should play} 13. e5 $11 Qf5 14. Bd2) 13... e5 $15 14. d5 Nd8 15. b3 Nf7 16. Ra2 c6 17. c4 cxd5 18. cxd5 Rac8 {[%emt 0:00:34] White is weak on the dark squares} 19. Kd1 Rc7 20. Rc2 Rfc8 21. Rxc7 Rxc7 22. Re1 g5 23. h3 h5 24. Nd2 Nd6 25. Qe2 Qg6 26. Bb2 {[%emt 0:00:23] Wards off Rc3} Re7 27. Ba3 Be3 28. Bxd6 Qxd6 29. Nc4 Qb4 30. Qd3 (30. Qxh5 $2 Qxb3+ 31. Ke2 Qxc4+ $19) (30. Nxe3 $14 fxe3 31. Qxe3) 30... Bd4 $11 31. Re2 g4 32. d6 Rf7 33. hxg4 hxg4 34. Rc2 $2 (34. d7 $11 Rxd7 35. Nxe5 Bxe5 (35... Rg7 36. Nc4 $11) 36. Qxd7 Qxb3+ 37. Rc2 Qb1+ 38. Kd2 Qb4+ 39. Ke2 Qxe4+ 40. Kd1) 34... Rh7 $2 (34... f3 $17 {...f2 is the strong threat.} 35. d7 Rxd7) 35. Nd2 Qxd6 (35... Rh1+ 36. Ke2 Kf7 (36... Qxd6 37. Qc4+ Kg7 38. Qc8 $11) 37. Rc8 Qxd6 38. Qc4+ Kf6 39. Qg8 f3+ 40. gxf3 Rh2+ 41. Kf1 Rh1+ (41... Rxd2 $2 42. Rf8+ $18) 42. Ke2 Rh2+ 43. Kf1) 36. Rc8+ (36. Qc4+ $1 $11 {remains equal.} Kg7 37. Qc8) 36... Kg7 37. Nc4 $2 (37. Qc4 $17) 37... Qb4 {[%emt 0:02:06] ( -> ...Rh1+)} 38. Nxe5 (38. Rc7+ {is the only way for White.} Kg6 39. Rxh7 Kxh7 40. Nd2) 38... Rh1+ $19 (38... Bxe5 39. Qd7+ Kh6 40. Qe6+ Kh5 41. Qxe5+ Kh4 42. Qxf4 Qxb3+ 43. Ke2 Qa2+ 44. Ke1 Qxg2 45. Rc3 Qg1+ 46. Ke2 Qg2+ 47. Ke1 Qg1+ 48. Ke2 Qg2+ 49. Ke1 $11) 39. Kc2 {[%emt 0:00:05] [#] Rc7+ is the strong threat.} Rg1 $2 (39... Bxe5 $2 40. Qd7+ Kh6 41. Qe6+ Kh5 (41... Kh7 $2 42. Qxe5 $18) 42. Qxe5+ Kh4 43. Qxf4 $18) ({Black should try} 39... Qe1 $1 $19 40. Rc7+ (40. Qxd4 Qb1+ 41. Kd2 Rd1+ 42. Ke2 Rxd4 43. Rc7+ Kf8 44. Nd7+ Kf7 45. Nc5+ Kg6) 40... Kh6 (40... Kf6 41. Rf7+ Kg5 42. Rg7+ Kh6 43. Nxg4+ Kxg7 44. Qxd4+ Kg6 45. Ne5+ Kh5 46. Nd3 $17) 41. Nxg4+ (41. Qxd4 $2 Qb1+ 42. Kd2 Rd1+ 43. Ke2 Rxd4 $19) (41. Nf7+ $2 Kh5 $19) 41... Kg5 42. Qb5+ Kh4 (42... Kxg4 43. Qf5+ Kg3 44. Qg5+ Kh2 45. Qxf4+ Kxg2 46. Qg5+ Qg3 47. Qxg3+ Kxg3 48. Rxb7 $17) 43. Rh7+ Kxg4 44. Qf5+ Kg3 45. Qg5+ Kf2 46. Qxf4+ Kg1 47. Rxh1+ Kxh1) 40. Qe2 $40 {[%emt 0:00:41][%mdl 128] White is up to no good. The board is on fire.} f3 $1 41. Nxf3 Ra1 {[%emt 0:07:37] ( -> ...Ra2+)} 42. Nd2 Ra2+ $2 (42... Kh6 $14) 43. Kd3 $18 Bf6 44. Qxg4+ {[%emt 0:00:00] White mates.} Kf7 45. Qg8+ Ke7 46. Qe8+ Kd6 47. Nc4+ {[%emt 0:00:00] Weighted Error Value: White=0.31/Black=0.62  Loses game:     	White=1     	Black=1      Missed win:     	---       	Black=1      Mistake:       	White=5     	Black=1      Inaccurate:     	White=1     	Black=7      OK:         	White=16    	Black=11     Best:        	White=4     	Black=2      Strong:       	---       	Black=1} (47. e5+ $142 Bxe5 48. Nc4+ Qxc4+ 49. bxc4 (49. Rxc4 Ra1 $18) 49... Rd2+ 50. Kxd2 Bf6 51. c5+ Kd5 52. Kd3 Be7 53. Qxe7 b6 54. Qe4#) 1-0

[Event "FIDE WSTC Open 50 2025"]
[Site "Prague"]
[Date "2025.02.23"]
[Round "6.18"]
[White "Van Haastert, Edwin"]
[Black "Burnett, Andrew"]
[Result "1-0"]
[Annotator "TA"]
[ECO "B76"]
[WhiteElo "2408"]
[BlackElo "2147"]
[PlyCount "119"]
[EventDate "2025.02.17"]
[EventType "team-tourn"]
[EventCountry "CZE"]
[SourceTitle "playchess.com"]
[Source "ChessBase"]
[SourceQuality "1"]
[TimeControl "40/5400+30:1800+30"]

1. e4 c5 2. Nf3 d6 3. d4 cxd4 4. Nxd4 Nf6 5. Nc3 g6 6. Be3 Bg7 7. f3 Nc6 8. Qd2 O-O 9. O-O-O d5 10. exd5 Nxd5 11. Nxc6 bxc6 12. Bd4 e5 13. Bc5 Re8 14. Ne4 {[%emt 0:00:06] B76: Sicilian Dragon: Yugoslav Attack, 9 g4 and 9 0-0-0.} Qc7 {[%emt 0:00:07] The main line 14...Qc7 scores better than 14...Be6.} 15. Bc4 Be6 16. g4 {[%emt 0:01:00] White is slightly better.} (16. h4 {is interesting.} Red8 17. h5 Nf6 18. Bd6) 16... h6 17. Rhg1 $146 (17. h4 Rad8 18. Qf2 Rd7 19. g5 h5 20. Rd2 Red8 21. Rhd1 Bf5 22. Bb3 Nb6 23. Bd6 {1-0 Shirov,A (2662)-Klimenko,S (2429) Levitov Christmas Online Q2 blitz 2020}) 17... Red8 18. Qf2 Nf4 19. Rxd8+ Qxd8 20. Bxe6 Nxe6 21. Be3 (21. Bxa7 $2 Qa5 22. Be3 Qxa2 $19) 21... Qa5 22. a3 {[%emt 0:00:53] White is more active.} Nd4 (22... Qb5 $11) 23. c3 $16 Nb3+ 24. Kb1 Qa4 (24... Qb5 $14) 25. Qc2 Rb8 26. Rd1 a5 (26... Qa6 $16 27. Rd7 Bf8) 27. c4 $18 c5 28. Nxc5 Nxc5 29. Bxc5 {[%emt 0:00:04] White has a strong bishop and is better} Qc6 30. Bd6 Rc8 31. Rd5 Qxc4 32. Qxc4 {[%emt 0:00:06] Successful Defense White} Rxc4 33. Bxe5 {[%emt 0:02:32][%mdl 4096] Endgame KRB-KRB. White is a pawn up.} ({White should play} 33. Rxa5 $18 e4 34. fxe4 Rxe4 35. Ra8+ Kh7 36. Ra7 Rxg4 37. b4 (37. Rxf7 Kg8 $16)) 33... a4 $16 34. h4 (34. Bxg7 $16 Kxg7 35. Rb5) 34... Bxe5 $14 35. Rxe5 {[%emt 0:00:04] KR-KR. White is a pawn up.} Rf4 {[%emt 0:00:08] Black is on the road to losing.} ({Black should try} 35... f5 $1 $14) 36. Re4 $1 $16 Rxf3 37. Rxa4 f5 38. gxf5 gxf5 (38... g5 {was necessary.} 39. Rc4 Rxf5) 39. Rb4 Kf7 40. a4 Rg3 41. a5 Rg4 $2 (41... Rg1+ 42. Ka2 Ke6) 42. Rb7+ $18 Kg6 $2 (42... Ke6 43. a6 Rg1+ 44. Ka2 Rg8) 43. Rb6+ Kg7 44. h5 (44. a6 $142) 44... f4 45. Kc2 f3 46. Kd2 $1 Re4 47. Rg6+ $1 Kf7 {[%emt 0:00:00] [#] and ...f2 would now be decisive} 48. Rg3 $1 (48. Rxh6 f2 49. Rh7+ Kg8 $19) 48... Re2+ $2 (48... f2 49. Rf3+ Ke6) 49. Kd3 Rxb2 50. Rxf3+ Ke6 {[%emt 0:00:00] [#]} 51. Kc4 $1 Ra2 52. Kb4 {[%emt 0:00:00] Ra3 would now be deadly.} Kd5 (52... Kd7 $142 53. Rf6 Kc7 54. Rxh6 Kb7) 53. Rf6 Rb2+ 54. Kc3 Rh2 55. Rxh6 Kc5 56. a6 Rh3+ 57. Kd2 Kd4 {[%emt 0:00:32] White mates.} 58. a7 Ra3 59. Rh7 Ra2+ 60. Kc1 {[%emt 0:00:00] Weighted Error Value: White=0.23 (precise) /Black=0.71  Mistake:       	White=2     	Black=8      Inaccurate:     	White=2     	Black=2      OK:         	White=15    	Black=6      Best:        	White=3     	Black=6      Strong:       	White=3     	---} 1-0

[Event "FIDE WSTC Open 50 2025"]
[Site "Prague"]
[Date "2025.02.23"]
[Round "6.19"]
[White "Mitchell, Martin"]
[Black "Roobol, Martin"]
[Result "1/2-1/2"]
[Annotator "RC"]
[ECO "E73"]
[WhiteElo "2143"]
[BlackElo "2242"]
[PlyCount "161"]
[EventDate "2025.02.17"]
[EventType "team-tourn"]
[EventCountry "CZE"]
[SourceTitle "playchess.com"]
[Source "ChessBase"]
[SourceQuality "1"]
[TimeControl "40/5400+30:1800+30"]

1. d4 Nf6 2. c4 g6 3. Nc3 Bg7 4. e4 d6 5. Be2 O-O 6. Be3 e5 7. d5 Na6 8. h4 Nc5 9. Qc2 c6 10. h5 cxd5 11. cxd5 Qa5 12. h6 Bh8 13. f3 Nh5 14. Rb1 Ng3 15. b4 Qd8 16. bxc5 Nxh1 17. c6 b6 18. a4 f5 19. a5 bxa5 20. Nb5 fxe4 21. fxe4 Ng3 22. Nxd6 Qxd6 23. Bc5 Qf6 24. Bxf8 Nxe2 25. Nxe2 Qxf8 26. Qc4 Qd6 27. Nc3 a6 28. Na4 Bf6 29. c7 Bh4+ 30. Kd2 Bf2 31. Qc6 Qxc6 32. dxc6 Ra7 33. Nc3 Rxc7 34. Nd5 Rf7 35. Rb8 Rf8 36. Ne7+ Kf7 37. Rxc8 Rxc8 38. Nxc8 Ke6 39. c7 Kd7 40. Ne7 Kxc7 41. Nxg6 Bg3 42. Nf8 Bf4+ 43. Kd3 Bxh6 44. Nxh7 Kd6 45. Nf6 Bg5 46. Nd5 Bd8 47. Kc4 Ke6 48. Nc3 Kf6 49. Ne2 Bb6 50. Nc3 Bd4 51. Ne2 Bf2 52. Nc3 Be1 53. Na4 Bf2 54. Nc3 Ke6 55. Nd5 Kd6 56. Nc3 Be1 57. Na4 Bb4 58. Nb2 Bc5 59. Kb3 Bd4 60. Nc4+ Kc5 61. Nxa5 Bf2 62. Nb7+ Kd4 63. Nd6 Kd3 64. Kb4 Be1+ 65. Ka4 Ke3 66. Kb3 a5 67. Ka4 Bb4 68. Nf7 Kxe4 69. Kb3 Kf5 70. g4+ Kf6 71. Nd8 e4 72. Nc6 e3 73. Nd4 Kg5 74. Kc2 a4 75. Kd3 Bd2 76. Nf3+ Kxg4 77. Nxd2 Kf4 78. Nf1 e2 79. Kxe2 a3 80. Ne3 a2 81. Nc2 1/2-1/2

[Event "FIDE WSTC Open 50 2025"]
[Site "Prague"]
[Date "2025.02.23"]
[Round "6.20"]
[White "Kindt, Manfred"]
[Black "Hulme, William"]
[Result "1/2-1/2"]
[Annotator "NA"]
[ECO "C55"]
[WhiteElo "2049"]
[BlackElo "1909"]
[PlyCount "41"]
[EventDate "2025.02.17"]
[EventType "team-tourn"]
[EventCountry "CZE"]
[SourceTitle "playchess.com"]
[Source "ChessBase"]
[SourceQuality "1"]
[TimeControl "40/5400+30:1800+30"]

1. e4 e5 2. Nf3 Nc6 3. d4 exd4 4. Bc4 Nf6 5. e5 d5 6. Bb5 Ne4 7. Nxd4 Bd7 8. Bxc6 bxc6 9. O-O Bc5 10. f3 Ng5 11. f4 Ne4 12. Be3 Bb6 13. Nd2 Nxd2 14. Qxd2 c5 15. Nf3 Bf5 16. c3 O-O 17. a4 a5 18. Rad1 c6 19. Qf2 Qe7 20. h3 h6 21. Kh2 1/2-1/2

[Event "FIDE WSTC Open 50 2025"]
[Site "Prague"]
[Date "2025.02.23"]
[Round "6.21"]
[White "Schulenburg, Bernd"]
[Black "Polak, Tomas"]
[Result "0-1"]
[Annotator "TA"]
[ECO "B51"]
[WhiteElo "2144"]
[BlackElo "2463"]
[PlyCount "48"]
[EventDate "2025.02.17"]
[EventType "team-tourn"]
[EventCountry "CZE"]
[SourceTitle "playchess.com"]
[Source "ChessBase"]
[SourceQuality "1"]
[TimeControl "40/5400+30:1800+30"]

1. e4 c5 2. Nf3 d6 3. Bb5+ Nc6 4. O-O Bd7 5. Re1 Nf6 6. c3 a6 7. Bf1 Bg4 8. d3 e6 9. Bg5 {[%emt 0:04:59] B51: Sicilian: Moscow Variation (3 Bb5+) without 3...Bd7.} Be7 10. Nbd2 O-O 11. a4 {[%emt 0:02:41] The position is equal.} d5 12. Be2 $146 ({Predecessor:} 12. h3 Bh5 13. e5 Nd7 14. Bxe7 Qxe7 15. Qb3 b6 16. Re3 f6 17. exf6 Rxf6 18. Rae1 {1-0 Studer,N (2021)-Grillon,C (1678) SUI-ch U14 Belp 2010 (1)}) 12... Rc8 13. Qc2 h6 14. Bh4 Bh5 15. Bg3 Bg6 16. Ne5 Nxe5 17. Bxe5 Bd6 18. Bg3 Bxg3 19. hxg3 {[%emt 0:00:07] [#]} c4 $1 20. Rad1 (20. a5 Qe7) 20... Qb6 21. Qc1 {[%emt 0:10:14] [#]} ({Better is} 21. dxc4 dxe4 22. Qb3 Qxb3 23. Nxb3) 21... cxd3 $1 $17 {[%emt 0:02:23] Black is much more active.} (21... dxe4 22. Nxc4 Qb3 23. Nd6 $15) 22. Bxd3 Ng4 23. Re2 Ne5 24. Re3 (24. a5 {was worth a try.} Qxa5 25. Bb1) 24... d4 {[%emt 0:02:14] Weighted Error Value: White=0.36/Black=0.04 (flawless)   Mistake:       	White=2     	---        Inaccurate:     	White=2     	---        OK:         	White=4     	Black=9      Strong:       	---       	Black=1} 0-1

[Event "FIDE WSTC Open 50 2025"]
[Site "Prague"]
[Date "2025.02.23"]
[Round "6.22"]
[White "Obsivac, Josef"]
[Black "Berndt, Matthias"]
[Result "1-0"]
[Annotator "RC"]
[ECO "A05"]
[WhiteElo "2262"]
[BlackElo "2072"]
[PlyCount "81"]
[EventDate "2025.02.17"]
[EventType "team-tourn"]
[EventCountry "CZE"]
[SourceTitle "playchess.com"]
[Source "ChessBase"]
[SourceQuality "1"]
[TimeControl "40/5400+30:1800+30"]

1. Nf3 Nf6 2. c4 c5 3. g3 g6 4. Bg2 Bg7 5. O-O O-O 6. d4 cxd4 7. Nxd4 Nc6 8. Nc3 a6 9. c5 Qc7 10. Nb3 Rd8 11. Bf4 d6 12. cxd6 exd6 13. Bg5 Be6 14. Ne4 Qe7 15. Rc1 Rac8 16. Rc3 h6 17. Bxf6 Bxf6 18. Nxf6+ Qxf6 19. Qd2 Kg7 20. Rd1 Bf5 21. Rdc1 d5 22. Nc5 Nb4 23. Nxb7 Nxa2 24. Rxc8 Bxc8 25. Nxd8 Nxc1 26. Qxc1 Qxd8 27. e3 Bb7 28. Qc3+ Qf6 29. Qxf6+ Kxf6 30. b4 Ke5 31. Kf1 Bc6 32. Ke1 g5 33. f4+ gxf4 34. gxf4+ Kd6 35. Kd2 f6 36. Bf1 Bb7 37. Kc3 Bc8 38. Kd4 Bb7 39. Bh3 Bc6 40. Bc8 Bb5 41. Bb7 1-0

[Event "FIDE WSTC Open 50 2025"]
[Site "Prague"]
[Date "2025.02.23"]
[Round "6.23"]
[White "Kuna, Ralf-Michael"]
[Black "Holemar, David"]
[Result "0-1"]
[Annotator "RC"]
[ECO "B40"]
[WhiteElo "2072"]
[BlackElo "2150"]
[PlyCount "66"]
[EventDate "2025.02.17"]
[EventType "team-tourn"]
[EventCountry "CZE"]
[SourceTitle "playchess.com"]
[Source "ChessBase"]
[SourceQuality "1"]
[TimeControl "40/5400+30:1800+30"]

1. e4 c5 2. Nf3 e6 3. c3 d5 4. exd5 Qxd5 5. d4 Nc6 6. Be3 cxd4 7. Nxd4 Nxd4 8. Qxd4 Nf6 9. Nd2 Be7 10. Qxd5 Nxd5 11. Bb5+ Bd7 12. Bxd7+ Kxd7 13. Ke2 e5 14. c4 Nxe3 15. fxe3 f5 16. Rad1 Ke6 17. Nb1 Rac8 18. b3 g5 19. Rd5 Rhd8 20. Rhd1 Rxd5 21. Rxd5 a6 22. a4 Bb4 23. Nd2 g4 24. Nf1 h5 25. e4 f4 26. Rd3 Bc5 27. Nd2 Bg1 28. h3 Bc5 29. Kf1 Rg8 30. Nb1 f3 31. hxg4 fxg2+ 32. Kxg2 Rxg4+ 33. Kf1 Rg1+ 0-1

[Event "FIDE WSTC Open 50 2025"]
[Site "Prague"]
[Date "2025.02.23"]
[Round "6.24"]
[White "Skacelik, Petr"]
[Black "Haentsch, Ralf"]
[Result "1/2-1/2"]
[Annotator "RC"]
[ECO "E34"]
[WhiteElo "2132"]
[BlackElo "2087"]
[PlyCount "73"]
[EventDate "2025.02.17"]
[EventType "team-tourn"]
[EventCountry "CZE"]
[SourceTitle "playchess.com"]
[Source "ChessBase"]
[SourceQuality "1"]
[TimeControl "40/5400+30:1800+30"]

1. d4 Nf6 2. c4 e6 3. Nc3 Bb4 4. Qc2 d5 5. cxd5 Qxd5 6. Nf3 Qf5 7. Qb3 Nc6 8. e3 a5 9. Bd2 O-O 10. a3 Bd6 11. Be2 e5 12. d5 Ne7 13. h3 c6 14. g4 Qd7 15. e4 cxd5 16. exd5 a4 17. Qa2 Bc7 18. Bb5 Qd6 19. Bc4 Ba5 20. Rd1 Bd7 21. g5 Nh5 22. Ne4 Bxd2+ 23. Rxd2 Qb8 24. Nc5 Bf5 25. d6 Nc6 26. Nh4 Ra5 27. Nxf5 Rxc5 28. Ne7+ Kh8 29. Kd1 f6 30. g6 Nf4 31. Bf7 h6 32. Nxc6 Rxc6 33. d7 Qc7 34. Qb1 Rd8 35. Be8 Rd6 36. Qc2 Rc6 37. Qb1 1/2-1/2

[Event "FIDE WSTC Open 50 2025"]
[Site "Prague"]
[Date "2025.02.23"]
[Round "6.25"]
[White "Jirovsky, Milos"]
[Black "Gronn, Atle"]
[Result "0-1"]
[Annotator "RC"]
[ECO "D30"]
[WhiteElo "2410"]
[BlackElo "2366"]
[PlyCount "52"]
[EventDate "2025.02.17"]
[EventType "team-tourn"]
[EventCountry "CZE"]
[SourceTitle "playchess.com"]
[Source "ChessBase"]
[SourceQuality "1"]
[TimeControl "40/5400+30:1800+30"]

1. Nf3 d5 2. d4 Nf6 3. c4 c6 4. e3 e6 5. Nbd2 Nbd7 6. Bd3 Bd6 7. O-O O-O 8. Re1 e5 9. cxd5 cxd5 10. e4 h6 11. exd5 exd4 12. Ne4 Bb4 13. Bd2 Nxd5 14. Bxb4 Nxb4 15. Bb1 d3 16. Nc3 Nc5 17. Re5 b6 18. a3 Nc2 19. Rd5 Qf6 20. Ne4 Nxe4 21. Qxd3 Nxa1 22. Qxe4 g6 23. Qb4 Be6 24. Re5 Rac8 25. h4 Rc1+ 26. Kh2 Rxb1 0-1

[Event "FIDE WSTC Open 50 2025"]
[Site "Prague"]
[Date "2025.02.23"]
[Round "6.26"]
[White "Dahl, Fredrik A"]
[Black "Zvara, Petr"]
[Result "0-1"]
[Annotator "TA"]
[ECO "B13"]
[WhiteElo "2198"]
[BlackElo "2330"]
[PlyCount "74"]
[EventDate "2025.02.17"]
[EventType "team-tourn"]
[EventCountry "CZE"]
[SourceTitle "playchess.com"]
[Source "ChessBase"]
[SourceQuality "1"]
[TimeControl "40/5400+30:1800+30"]

1. e4 c6 2. d4 d5 3. exd5 cxd5 4. Bd3 Nc6 5. c3 Nf6 6. h3 e5 7. dxe5 Nxe5 8. Nf3 Nxd3+ {[%emt 0:05:01] B13: Caro-Kann: Exchange Variation and Panov-Botvinnik Attack.} 9. Qxd3 Bd6 $1 {[%emt 0:00:09] The main line 9...Bd6 scores better than 9...Be7.} 10. O-O O-O {[%emt 0:00:03] The position is equal.} 11. Be3 Be6 12. Nbd2 Qd7 13. Rfe1 (13. Bg5 {looks sharper.} Ne4 14. Nxe4 Bf5 15. Nc5) 13... Rfe8 14. Nd4 Bxh3 15. gxh3 Qxh3 16. N4f3 $146 {[%emt 0:00:56] Prevents Bh2+.} (16. Qf5 $1 $11 Qh2+ 17. Kf1) (16. N2f3 Ng4 17. Qf5 Bh2+ 18. Nxh2 Qxh2+ 19. Kf1 Qh3+ 20. Ke2 Rxe3+ 21. fxe3 Qxe3+ 22. Kd1 Nf2+ 23. Kc2 Qg3 24. Rf1 {1-0 Baches Garcia,G (2326)-Zaloznyy,M (2268) Titled Tuesday intern op 06th Sep Early blitz 2022 (8)}) 16... Ne4 $1 $17 {[%emt 0:03:37][%mdl 1024] Black has strong compensation.} 17. Qf1 Qh5 {[%emt 0:00:52] Black has more active pieces.} 18. Qd3 $2 (18. Qg2 $17 {was called for.} Re6 19. Ng5 Nxg5 20. Bxg5) 18... Re6 $19 19. Kf1 Rae8 20. Ng1 Rg6 21. Ndf3 Qg4 (21... h6 $142 {...Bh2 is the strong threat.} 22. Rad1 (22. Bxa7 $2 Bh2 $19) 22... Qg4) 22. Qb5 Re7 23. Ke2 {[%emt 0:02:09][%cal Oe2d1,Bf1e2,Be2d2,Bd2c2,Bc2b3][%mdl 32] [#]} Nxf2 24. Kd2 $11 Bf4 {[%emt 0:02:28] Really sharp!} 25. Bxf4 $1 Qxf4+ 26. Kc2 Qf5+ 27. Kb3 {[%emt 0:00:19][%cal Ob5e8] White wants to mate with Qe8+!.} Ne4 28. Nd4 ({White must play} 28. Nh4 $1 $14 Qd7 (28... Nd2+ $2 29. Ka3 $18) 29. Qxd7 Rb6+ 30. Qb5 Rxb5+ 31. Kc2) 28... Qh5 29. Kc2 $1 Rg2+ $1 30. Re2 Nd6 31. Qd3 Rgxe2+ 32. Ngxe2 Nc4 33. Rg1 Re3 {[%emt 0:00:11] Prevents Rg3} 34. Qd1 ({But not} 34. Rxg7+ $2 Kxg7 (34... Kh8 $2 35. Nf4 $19) 35. Qd1 Qg6+ 36. Kc1 Rd3 $19) 34... Qe5 35. b3 ({Better is} 35. Kb1 $1 $14) 35... Qe4+ 36. Kc1 Rd3 37. Qc2 $2 (37. Qe1 $15 Ne5 38. Qf2) 37... Qe3+ {[%emt 0:00:07] Weighted Error Value: White=0.37/Black=0.19 (very precise)   Loses game:     	White=2     	---        Mistake:       	White=3     	Black=2      Inaccurate:     	White=1     	Black=3      OK:         	White=8     	Black=13     Best:        	White=3     	Black=1      Strong:       	White=2     	Black=2} 0-1